 Dungeon Crawl Stone Soup version 0.29.1-15-g9cfb28693d (webtiles) character file.

Game seed: 3705975799591938432

212 javelincjr the Magician (level 5, -7/39 HPs)
             Began as a Demonspawn Hedge Wizard on Apr 7, 2023.
             Was a Believer of Qazlal.
             Killed by divine providence
             ... invoked by an orc priest
              (13 damage)
             ... on level 4 of the Dungeon.
             The game lasted 00:07:38 (4363 turns).

javelincjr the Magician (Demonspawn Hedge Wizard)   Turns: 4363, Time: 00:07:38

Health: -7/39      AC:  3    Str: 12    XL:     5   Next: 58%
Magic:  7/10       EV: 12    Int: 15    God:    Qazlal [**....]
Gold:   164        SH:  2    Dex: 15    Spells: 6/11 levels left

rFire   . . .      SeeInvis .   a - +0 dagger
rCold   . . .      Faith    .   (no shield)
rNeg    . . .      Spirit   .   b - +0 robe
rPois   .          Reflect  .   c - +0 hat
rElec   .          Harm     .   (no cloak)
rCorr   .          Rampage  .   j - +0 pair of gloves
Will    .....                   (no boots)
Stlth   ++........              (no amulet)
HPRegen 0.13/turn               (no ring)
MPRegen 0.12/turn               (no ring)

@: no status effects
A: horns 1, thin skeletal structure 1, spiny 1
a: Renounce Religion, Upheaval


You were on level 4 of the Dungeon.
You worshipped Qazlal.
Qazlal was pleased with you.
You visited 1 branch of the dungeon, and saw 4 of its levels.

You collected 164 gold pieces.

Inventory:

Hand Weapons
 a - a +0 dagger (weapon)
Armour
 b - a +0 robe (worn)
 c - a +0 hat (worn)
 j - a +0 pair of gloves (worn)
Scrolls
 g - a scroll of enchant armour {unknown}
 i - a scroll of magic mapping {unknown}
 k - a scroll of teleportation {unknown}
 l - a scroll of identify {unknown}
 m - 3 scrolls of amnesia {unknown}
 r - a scroll of immolation {unknown}
Potions
 d - 2 potions of magic
 e - 2 potions of heal wounds {unknown}
 f - a potion of flight {unknown}
 h - 2 potions of invisibility {unknown}
 n - a potion of might {unknown}
 o - 2 potions of curing {unknown}
 p - 3 potions of ambrosia {unknown}
 q - 2 potions of brilliance {unknown}
 s - a potion of berserk rage {unknown}


   Skills:
 * Level 2.3 Fighting
 + Level 1.3 Armour
 + Level 2.4 Dodging
 - Level 1.7 Stealth
 * Level 3.8 Spellcasting
 + Level 2.0 Conjurations
 + Level 1.9 Summonings
 + Level 1.6 Translocations


You had 6 spell levels left.
You knew the following spells:

 Your Spells              Type           Power      Damage    Failure   Level
a - Magic Dart            Conj           32%        1d4       9%          1
b - Call Imp              Summ           8%         N/A       12%         2
c - Blink                 Tloc           14%        N/A       14%         2

Your spell library contained the following spells:

 Spells                   Type           Power      Damage    Failure   Level
 Shock                    Conj/Air       20%        1d4       12%         1
 Slow                     Hex            8%         N/A       19%         1
 Conjure Flame            Conj/Fire      5%         6-21      36%         3
 Mephitic Cloud           Conj/Pois/Air  4%         N/A       38%         3
 Swiftness                Air            2%         N/A       50%         3
 Airstrike                Air            1%         2d(1-17)  88%         4


Dungeon Overview and Level Annotations

Branches:
Dungeon (4/15)
 Temple: D:4-7

Altars:
Qazlal
Trog

Annotations:
D:4 Blork the orc


Innate Abilities, Weirdness & Mutations

You have a pair of small horns on your head.
You have a somewhat thin skeletal structure. (Dex +2, Stealth+)
You are partially covered in sharp spines.


Message History

The howler monkey is almost dead.
The howler monkey misses you.
The magic dart hits the howler monkey.
You kill the howler monkey!
Qazlal accepts your kill.
Your Conjurations skill increases to level 2!
You see here a howler monkey corpse.
You now have 164 gold pieces (gained 16).
Found a stone staircase leading up.
An orc priest comes into view. It is wielding a +0 hand axe.
Blork the orc comes into view.
He is wielding a +0 vampiric short sword.
An orc comes into view. It is wielding a +0 dagger.
An orc priest comes into view. It is wielding a +0 short sword.
The orc priest shouts!
The orc priest mumbles some strange prayers to Beogh against you.
Beogh smites you!
The orc shouts!
You hear a shout!
The magic dart hits the orc priest.
The orc priest is lightly wounded.
Blork the orc shouts!
The orc priest invokes the aid of Beogh against you.
Pain shoots through your body!
Blork the orc casts a spell.
Blork the orc seems to speed up.
You are too injured to fight recklessly!
The orc priest looks encouraged for a moment.
Casting: Magic Dart (safe; 9% risk of failure)
Confirm with . or Enter, or press ? or * to list all spells.
A beastly little devil appears in a puff of flame.
Blork the orc points at you and mumbles some strange words.
You hear a sizzling sound!
The orc priest calls upon Beogh to heal the orc priest.
The orc priest's wounds heal themselves!
An orc wizard comes into view. It is wielding a +0 dagger.
Blork the orc gestures at you while chanting.
The puff of frost hits you!
* * * LOW HITPOINT WARNING * * *
The orc priest invokes the aid of Beogh against you.
Beogh smites you!
You die...

.....##..##...#............#
.....##.......#...........##
..............###.........#
.....###.......##......####
.....#####.....##..#...##..
......#..#....##...........
...#.............###......# .
.÷.#............##......#.#.#
........#.......@.......##..#
........#.......°..o...o.....
.#....#.##..........o.o......
.#...##.##.........5.........
.##...#........o.............
.##.............###..........
................#....##......
...................#.........
.................#.##......#.


You could see Blork the orc (fast), 2 orc priests, an orc wizard, an orc (ally
target) and a friendly crimson imp (summoned).

Vanquished Creatures
  A howler monkey (D:4)
  9 adders
  2 dart slugs
  4 orcs (D:3)
  4 ball pythons
  4 bats
  8 endoplasms
  3 giant cockroaches (D:1)
  7 goblins
  9 hobgoblins
  3 kobolds
  2 quokkas (D:3)
  2 frilled lizards
  7 rats
65 creatures vanquished.

Vanquished Creatures (collateral kills)
  An orc (D:3)
1 creature vanquished.

Vanquished Creatures (others)
  An orc wizard (D:3)
1 creature vanquished.

Grand Total: 67 creatures vanquished

Notes
Turn   | Place    | Note
-------+----------+-------------------------------------------
     0 | D:1      | javelincjr the Demonspawn Hedge Wizard began the quest for
                  | the Orb.
     0 | D:1      | Reached XP level 1. HP: 13/13 MP: 4/4
   158 | D:1      | Reached skill level 1 in Translocations
   585 | D:1      | Gained mutation: You have a pair of small horns on your
                  | head. [demonic ancestry]
   585 | D:1      | Reached XP level 2. HP: 19/20 MP: 3/6
   811 | D:1      | Reached skill level 1 in Fighting
  1036 | D:1      | Found a faded altar of an unknown god.
  1064 | D:1      | Prayed at the altar of an unknown god.
  1064 | D:1      | Became a worshipper of Qazlal Stormbringer
  1064 | D:1      | Reached * piety under Qazlal
  1405 | D:1      | Reached XP level 3. HP: 26/26 MP: 4/7
  2514 | D:2      | Gained mutation: You have a somewhat thin skeletal
                  | structure. (Dex +2, Stealth+) [demonic ancestry]
  2514 | D:2      | Reached XP level 4. HP: 32/32 MP: 3/9
  2594 | D:2      | Reached skill level 1 in Armour
  3059 | D:3      | Reached ** piety under Qazlal
  3329 | D:3      | Gained mutation: You are partially covered in sharp spines.
                  | [demonic ancestry]
  3329 | D:3      | Reached XP level 5. HP: 24/38 MP: 1/10
  3828 | D:3      | Learned a level 2 spell: Call Imp
  3831 | D:3      | Learned a level 2 spell: Blink
  4063 | D:4      | Found a bloodstained altar of Trog.
  4354 | D:4      | Noticed Blork the orc
  4363 | D:4      | Killed from afar by an orc priest

Illustrated notes

Levels and vault maps discovered:
D:1:      sevenhm_arrival_forest_fort_small_4, layout_loops_corners,
          hellmonk_ecumenical_altar_pennies_from_heaven
D:2:      layout_loops_cross
D:3:      layout_rooms
D:4:      layout_cave_pools, bloody_trog, uniq_blork_the_orc

Skill      XL: |  1  2  3  4  5 |
---------------+----------------+-----
Translocations | 1 |  1.6
Fighting       | 1 2 |  2.3
Dodging        | 2 |  2.4
Armour         | 1 |  1.3
Conjurations   | 2 |  2.0
Stealth        | |  1.7
Spellcasting   | |  3.8
Summonings     | |  1.9

Action                   |  1- 3 |  4- 6 || total
-------------------------+-------+-------++-------
Melee: Dagger            |    15 |    27 ||    42
       Headbutt          |       |     6 ||     6
 Cast: Magic Dart        |    95 |    83 ||   178
       Call Imp          |       |     2 ||     2
Armor: Robe              |     4 |     7 ||    11
Dodge: Dodged            |    22 |    33 ||    55
Block: Other             |       |     7 ||     7
